[Event "Festival Groningen-A 2024"]
[Site "Groningen"]
[Date "2024.12.27"]
[Round "6.14"]
[White "Nicolai, Amir"]
[Black "Stijve, Theo"]
[Result "0-1"]
[ECO "D35"]
[WhiteElo "2156"]
[BlackElo "2396"]
[Annotator "TA"]
[PlyCount "80"]
[EventDate "2024.12.21"]
[EventType "swiss"]
[EventCountry "NED"]
[SourceTitle "playchess.com"]
[Source "ChessBase"]
[SourceQuality "1"]
[TimeControl "40/5400+30:1800+30"]

1. d4 d5 2. c4 e6 3. Nc3 Nf6 4. cxd5 exd5 5. Bg5 c6 6. e3 Be7 7. Bd3 O-O 8. Nge2 Nbd7 9. O-O Ne4 10. Bxe7 Qxe7 11. Bxe4 dxe4 12. Ng3 Nf6 13. f3 exf3 14. Qxf3 Bg4 15. Qf2 Rad8 16. e4 Nh5 17. d5 Nxg3 18. Qxg3 Bh5 19. Qf2 a5 20. dxc6 bxc6 21. Qf5 Qa7+ 22. Kh1 Bg6 23. Qf4 Qb6 24. Rf2 Rd4 25. Re1 Rb4 26. b3 Qd4 27. Qg3 Re8 28. Rd1 Qc5 29. Rfd2 h6 (29... Bxe4 30. a3 Rxb3 31. Nxe4 Rxg3 32. Nxc5 Rxa3 33. Re2 $16) 30. Rd8 (30. h3 $11) 30... Rxd8 $1 $17 31. Rxd8+ Kh7 32. h3 Bxe4 33. Nxe4 Rxe4 {[%emt 0:01:11][%mdl 4096] Endgame KQR-KQR. Black is a pawn up.} 34. Rd1 Qf5 35. Kh2 h5 36. Rc1 Qd5 37. Rc2 (37. Qf2 $142) 37... h4 38. Qc7 Re1 ({Black should play} 38... f6 $17 {Hoping for ...a4.} 39. Rf2 Kg6) 39. Rf2 $2 (39. Qf4 $11 Re4 40. Qc7) 39... Qd1 $19 40. g4 Rh1+ (40... Qd5 $142 41. Rg2 Qf3 42. Qd6 Qf1 43. Qd3+ Qxd3 44. Rg1 Re2+ 45. Rg2 Qg3+ 46. Kh1 Qxg2#) 0-1

[Event "Festival Groningen-A 2024"]
[Site "Groningen"]
[Date "2024.12.27"]
[Round "6.15"]
[White "Van der Hagen, Loek"]
[Black "Keuning, Selwin"]
[Result "1/2-1/2"]
[ECO "B48"]
[WhiteElo "2315"]
[BlackElo "2180"]
[Annotator "RC"]
[PlyCount "64"]
[EventDate "2024.12.21"]
[EventType "swiss"]
[EventCountry "NED"]
[SourceTitle "playchess.com"]
[Source "ChessBase"]
[SourceQuality "1"]
[TimeControl "40/5400+30:1800+30"]

1. e4 c5 2. Nf3 Nc6 3. d4 cxd4 4. Nxd4 e6 5. Nc3 Qc7 6. Be3 a6 7. Qf3 h5 8. O-O-O b5 9. Qg3 Qxg3 10. hxg3 Bc5 11. Nf5 Bxe3+ 12. Nxe3 Bb7 13. f3 Nge7 14. a4 b4 15. Ne2 O-O-O 16. Nf4 g6 17. Nc4 Kc7 18. e5 Nf5 19. Rh3 d5 20. exd6+ Nxd6 21. Nxd6 Rxd6 22. Rxd6 Kxd6 23. Bc4 Rc8 24. Rh1 Nd4 25. b3 e5 26. Rd1 Ke7 27. Nd3 f6 28. Nxb4 a5 29. Na2 Nf5 30. Bd3 Nxg3 31. c4 g5 32. Nc3 f5 1/2-1/2

[Event "Festival Groningen-A 2024"]
[Site "Groningen"]
[Date "2024.12.27"]
[Round "6.16"]
[White "Schoorl, Rob"]
[Black "Kazarjan, Gachatur"]
[Result "1-0"]
[ECO "A09"]
[WhiteElo "2295"]
[BlackElo "2067"]
[Annotator "RC"]
[PlyCount "75"]
[EventDate "2024.12.21"]
[EventType "swiss"]
[EventCountry "NED"]
[SourceTitle "playchess.com"]
[Source "ChessBase"]
[SourceQuality "1"]
[TimeControl "40/5400+30:1800+30"]

1. Nf3 d5 2. g3 c5 3. Bg2 Nc6 4. O-O e5 5. d3 Be7 6. c4 d4 7. e3 h5 8. exd4 exd4 9. Re1 Kf8 10. h4 Nf6 11. Bg5 Ng4 12. Bxe7+ Nxe7 13. Nbd2 Nf5 14. b4 cxb4 15. Qa4 a5 16. a3 Bd7 17. Qb3 Qc7 18. axb4 a4 19. Qb2 Nxf2 20. Kxf2 Qxg3+ 21. Kg1 Nxh4 22. Nxh4 Qxh4 23. Nf3 Qg3 24. Qf2 Qxf2+ 25. Kxf2 Rh6 26. b5 Rf6 27. Re5 Bg4 28. Kg3 Bf5 29. Nxd4 Bxd3 30. Bxb7 Rd8 31. Rxa4 h4+ 32. Kg2 g5 33. Bd5 Rf4 34. b6 Rxd4 35. b7 Bxc4 36. Rxc4 Rxc4 37. Bxc4 Rb8 38. Ba6 1-0

[Event "Festival Groningen-A 2024"]
[Site "Groningen"]
[Date "2024.12.27"]
[Round "6.17"]
[White "De Jong, Migchiel"]
[Black "Ten Dam, Bram"]
[Result "1/2-1/2"]
[ECO "D45"]
[WhiteElo "2275"]
[BlackElo "2002"]
[Annotator "RC"]
[PlyCount "139"]
[EventDate "2024.12.21"]
[EventType "swiss"]
[EventCountry "NED"]
[SourceTitle "playchess.com"]
[Source "ChessBase"]
[SourceQuality "1"]
[TimeControl "40/5400+30:1800+30"]

1. Nf3 Nf6 2. c4 c6 3. Nc3 d5 4. e3 e6 5. b3 Bd6 6. Bb2 O-O 7. d4 Nbd7 8. Be2 Re8 9. O-O b6 10. Qc2 Bb7 11. Rad1 Qe7 12. e4 dxe4 13. Nxe4 Nxe4 14. Qxe4 Nf6 15. Qc2 h6 16. Ne5 c5 17. dxc5 Bxc5 18. Bf3 Rad8 19. Qe2 Rxd1 20. Rxd1 Bxf3 21. Qxf3 Rd8 22. Nd3 Bd4 23. g3 Bxb2 24. Nxb2 Rxd1+ 25. Nxd1 Qd7 26. Nc3 Qd2 27. Kg2 a6 28. h3 Qc2 29. Qe3 h5 30. Qd4 Kh7 31. b4 Qb2 32. c5 bxc5 33. Qxc5 h4 34. g4 Qd2 35. a4 Qd3 36. Qe3 Qc4 37. b5 axb5 38. axb5 Nd5 39. Qe4+ Qxe4+ 40. Nxe4 Kg6 41. Kf3 f5 42. gxf5+ exf5 43. Nd2 Kf6 44. Nc4 g5 45. b6 Nb4 46. Na5 Na6 47. Nc6 Nc5 48. Na5 Na6 49. b7 Nb8 50. Nc4 Nc6 51. Ne3 Nd4+ 52. Kg2 Nc6 53. Kf1 Ke5 54. Ke2 Nb8 55. Ng2 g4 56. Nxh4 gxh3 57. Kf3 Kd6 58. Nxf5+ Kc7 59. Kg3 Kxb7 60. Kxh3 Nd7 61. Nd4 Kc7 62. Kg4 Kd6 63. Kf5 Ke7 64. Nc6+ Kd6 65. Nd8 Ke7 66. Nb7 Kf7 67. f4 Ke7 68. Na5 Kf7 69. Nc6 Nc5 70. Ne5+ 1/2-1/2

[Event "Festival Groningen-A 2024"]
[Site "Groningen"]
[Date "2024.12.27"]
[Round "6.18"]
[White "Ritzerveld, Noah"]
[Black "Weber, Samuel"]
[Result "1-0"]
[ECO "C95"]
[WhiteElo "2182"]
[BlackElo "2263"]
[Annotator "RC"]
[PlyCount "127"]
[EventDate "2024.12.21"]
[EventType "swiss"]
[EventCountry "NED"]
[SourceTitle "playchess.com"]
[Source "ChessBase"]
[SourceQuality "1"]
[TimeControl "40/5400+30:1800+30"]

1. e4 e5 2. Nf3 Nc6 3. Bb5 a6 4. Ba4 Nf6 5. O-O b5 6. Bb3 Be7 7. Re1 d6 8. c3 O-O 9. h3 Nb8 10. d4 Nbd7 11. Nbd2 Bb7 12. Bc2 c5 13. d5 c4 14. Nf1 Nc5 15. Ng3 g6 16. Be3 Nfd7 17. b4 cxb3 18. axb3 a5 19. b4 axb4 20. cxb4 Na4 21. Bxa4 bxa4 22. Rxa4 f5 23. Bh6 Rf7 24. Rxa8 Qxa8 25. Ng5 Bxg5 26. Bxg5 f4 27. Nf1 Kg7 28. Qa1 Qb8 29. g3 fxg3 30. Nxg3 Bc8 31. Qc3 Nf6 32. Kg2 h6 33. Be3 Kh7 34. Rc1 Bd7 35. Qd2 Nh5 36. Nxh5 gxh5 37. Rg1 Qd8 38. Qd3 Qh4 39. Bb6 Rg7+ 40. Kh2 Qf4+ 41. Kh1 Rxg1+ 42. Kxg1 h4 43. Qe3 Qf8 44. Kh2 Bb5 45. Qc1 Bd3 46. Qe3 Bb5 47. Ba5 Kh8 48. f3 Kh7 49. Bb6 Bf1 50. f4 exf4 51. Qf3 Bb5 52. Be3 Bd3 53. Bxf4 Bb1 54. Qe3 Qf6 55. e5 Qg6 56. exd6 Be4 57. Qa7+ Kg8 58. Qb8+ Kf7 59. Qc7+ Kf8 60. Qe7+ Kg8 61. Qe6+ Qxe6 62. dxe6 Kf8 63. d7 Ke7 64. Bc7 1-0

[Event "Festival Groningen-A 2024"]
[Site "Groningen"]
[Date "2024.12.27"]
[Round "6.19"]
[White "Vijayakumar, Rishi"]
[Black "Grooten, Tommy"]
[Result "1-0"]
[ECO "A73"]
[WhiteElo "2204"]
[BlackElo "2153"]
[Annotator "RC"]
[PlyCount "95"]
[EventDate "2024.12.21"]
[EventType "swiss"]
[EventCountry "NED"]
[SourceTitle "playchess.com"]
[Source "ChessBase"]
[SourceQuality "1"]
[TimeControl "40/5400+30:1800+30"]

1. d4 Nf6 2. c4 e6 3. Nf3 c5 4. d5 exd5 5. cxd5 d6 6. Nc3 g6 7. Nd2 Bg7 8. e4 O-O 9. Be2 Na6 10. O-O Nc7 11. Re1 a6 12. a4 Rb8 13. a5 Bd7 14. h3 Re8 15. Bf3 Bb5 16. Nf1 Bxf1 17. Kxf1 Nb5 18. Bf4 Nd4 19. e5 Nxf3 20. Qxf3 dxe5 21. Rxe5 Qd7 22. Rae1 Nh5 23. Rxe8+ Rxe8 24. Rxe8+ Qxe8 25. Be3 Bd4 26. Bxd4 cxd4 27. Qe4 Qxe4 28. Nxe4 Nf4 29. d6 Kf8 30. Nc5 d3 31. Ke1 Ke8 32. Nxb7 Kd7 33. Nc5+ Kxd6 34. Nxa6 Nxg2+ 35. Kd2 Nf4 36. h4 h5 37. Nb4 Ng2 38. a6 Kc7 39. Nd5+ Kb8 40. b4 Ka7 41. b5 Nxh4 42. Kxd3 Nf5 43. Kc4 h4 44. Kc5 Nd6 45. Kxd6 h3 46. Kc7 h2 47. Nb4 h1=Q 48. b6+ 1-0

[Event "Festival Groningen-A 2024"]
[Site "Groningen"]
[Date "2024.12.27"]
[Round "6.20"]
[White "Duijker, Rick"]
[Black "Grooten, Herman"]
[Result "1-0"]
[ECO "B21"]
[WhiteElo "2146"]
[BlackElo "2183"]
[Annotator "RC"]
[PlyCount "67"]
[EventDate "2024.12.21"]
[EventType "swiss"]
[EventCountry "NED"]
[SourceTitle "playchess.com"]
[Source "ChessBase"]
[SourceQuality "1"]
[TimeControl "40/5400+30:1800+30"]

1. e4 c5 2. Nf3 e6 3. d4 cxd4 4. c3 dxc3 5. Nxc3 a6 6. Be2 Nc6 7. O-O Nge7 8. Be3 b5 9. Qd2 Ng6 10. Rfd1 Be7 11. Rac1 O-O 12. h4 Nxh4 13. Nxh4 Bxh4 14. g3 Be7 15. Kg2 Qa5 16. a3 b4 17. axb4 Qxb4 18. Rh1 Bb7 19. Rh5 Bf6 20. Bc5 Qb3 21. Bd1 Qc4 22. b3 Bxc3 23. Rxc3 Qxe4+ 24. Bf3 Qg6 25. Bxf8 Rxf8 26. Qxd7 Nd8 27. Rhc5 Bxf3+ 28. Rxf3 f5 29. Rc8 Qg5 30. Rd3 Nf7 31. Rxf8+ Kxf8 32. Qc8+ Ke7 33. Rd7+ Kf6 34. Qf8 1-0

[Event "Festival Groningen-A 2024"]
[Site "Groningen"]
[Date "2024.12.27"]
[Round "6.21"]
[White "Avetisyan, Ani"]
[Black "Van Roon, Sjoerd"]
[Result "1-0"]
[ECO "A59"]
[WhiteElo "2059"]
[BlackElo "2285"]
[Annotator "RC"]
[PlyCount "63"]
[EventDate "2024.12.21"]
[EventType "swiss"]
[EventCountry "NED"]
[SourceTitle "playchess.com"]
[Source "ChessBase"]
[SourceQuality "1"]
[TimeControl "40/5400+30:1800+30"]

1. d4 Nf6 2. c4 c5 3. d5 b5 4. cxb5 a6 5. bxa6 Bxa6 6. Nc3 d6 7. Nf3 g6 8. e4 Bxf1 9. Kxf1 Bg7 10. g3 O-O 11. Kg2 Nbd7 12. h3 Qa5 13. Re1 Nb6 14. e5 Nfd7 15. Bg5 Nxe5 16. Nxe5 Bxe5 17. Rxe5 dxe5 18. Bxe7 Rfe8 19. d6 Qa7 20. Qf3 Rab8 21. a4 Nd7 22. Ra2 Rb4 23. a5 Reb8 24. Ne4 Rxb2 25. Rxb2 Rxb2 26. Nf6+ Nxf6 27. Bxf6 Qb7 28. d7 Rxf2+ 29. Kxf2 Qb2+ 30. Kg1 Qc1+ 31. Kh2 Qd2+ 32. Qg2 1-0

[Event "Festival Groningen-A 2024"]
[Site "Groningen"]
[Date "2024.12.27"]
[Round "6.22"]
[White "De Boer, Bas"]
[Black "Ponnio, Toni"]
[Result "1-0"]
[ECO "D36"]
[WhiteElo "2157"]
[BlackElo "2111"]
[Annotator "RC"]
[PlyCount "179"]
[EventDate "2024.12.21"]
[EventType "swiss"]
[EventCountry "NED"]
[SourceTitle "playchess.com"]
[Source "ChessBase"]
[SourceQuality "1"]
[TimeControl "40/5400+30:1800+30"]

1. c4 e6 2. Nf3 d5 3. d4 Nf6 4. Nc3 h6 5. cxd5 exd5 6. Bf4 Bd6 7. e3 O-O 8. Bxd6 Qxd6 9. Qc2 c6 10. Bd3 Nbd7 11. O-O Re8 12. h3 Qe7 13. Nd2 Nf8 14. Rae1 Ne6 15. f4 c5 16. Nf3 Bd7 17. Qf2 cxd4 18. exd4 Qb4 19. f5 Nf8 20. Ne5 Bc6 21. Re2 Red8 22. Rfe1 N8h7 23. Kh1 Rd6 24. a3 Qb6 25. Qg3 Be8 26. Bb1 Rad8 27. Qh4 Ng5 28. Ng4 Bc6 29. Nxf6+ Rxf6 30. Qg4 Ne4 31. Rd1 Bb5 32. Rxe4 dxe4 33. Nxe4 Ba4 34. Nxf6+ Qxf6 35. Rd2 Bc6 36. Kh2 Bd5 37. Qf4 Re8 38. Bd3 g5 39. Qf2 Kg7 40. Re2 Rxe2 41. Bxe2 Be4 42. g4 Qd6+ 43. Kg1 Qc6 44. Bf1 f6 45. Qe3 Bd5 46. Qe7+ Bf7 47. Qe3 Bd5 48. Qc3 Qd6 49. Bg2 Bxg2 50. Kxg2 Qf4 51. Qd3 h5 52. gxh5 Kh6 53. d5 Qc1 54. Qc3 Qd1 55. Qxf6+ Kh7 56. Qg6+ Kh8 57. Qh6+ Kg8 58. Qxg5+ Kh8 59. h6 Qxd5+ 60. Kg3 Qe5+ 61. Kg4 Qe2+ 62. Kh4 Qe1+ 63. Qg3 Qe7+ 64. Kh5 Qe8+ 65. Qg6 Qe2+ 66. Kg5 Qd2+ 67. Kf6 Qd6+ 68. Kf7 Qd7+ 69. Kf8 Qd8+ 70. Kf7 Qd7+ 71. Kf6 Qd6+ 72. Kg5 Qd2+ 73. Kh5 Qe2+ 74. Qg4 Qe8+ 75. Kg5 Qe3+ 76. Qf4 Qe7+ 77. f6 Qc5+ 78. Kh4 Kh7 79. b4 Qc3 80. f7 Qe1+ 81. Kg5 Qe7+ 82. Kh5 Qe2+ 83. Kh4 Qe1+ 84. Kg4 Qe2+ 85. Kf5 Qh5+ 86. Ke6 Qe2+ 87. Kd7 Qd3+ 88. Kc8 Qc3+ 89. Kb8 Qh8+ 90. f8=Q 1-0

[Event "Festival Groningen-A 2024"]
[Site "Groningen"]
[Date "2024.12.27"]
[Round "6.23"]
[White "Wempe, Joost"]
[Black "Bakija, Alan"]
[Result "1/2-1/2"]
[ECO "B07"]
[WhiteElo "2233"]
[BlackElo "2233"]
[Annotator "RC"]
[PlyCount "99"]
[EventDate "2024.12.21"]
[EventType "swiss"]
[EventCountry "NED"]
[SourceTitle "playchess.com"]
[Source "ChessBase"]
[SourceQuality "1"]
[TimeControl "40/5400+30:1800+30"]

1. d4 d6 2. Nf3 Nf6 3. g3 g6 4. Bg2 Bg7 5. O-O O-O 6. Re1 Nbd7 7. e4 e5 8. Nc3 c6 9. a4 a5 10. h3 Qc7 11. Be3 Re8 12. Qd2 exd4 13. Nxd4 Nc5 14. Bf4 Bd7 15. Nb3 Nxb3 16. cxb3 Bf8 17. Rad1 Be6 18. Bxd6 Bxd6 19. Qxd6 Qxd6 20. Rxd6 Nd7 21. Ne2 Kf8 22. Red1 Ke7 23. Nf4 Nc5 24. Nxe6 fxe6 25. Bf1 Kf6 26. f3 Nxb3 27. Rd7 Re7 28. e5+ Kf7 29. Rxe7+ Kxe7 30. Bc4 Nc5 31. Rd6 Rf8 32. f4 h6 33. Kg2 g5 34. Kf3 h5 35. b3 h4 36. Rd4 hxg3 37. Kxg3 Rf5 38. fxg5 Rxg5+ 39. Kf4 Rh5 40. Kg4 Rxe5 41. h4 Re4+ 42. Rxe4 Nxe4 43. Kf4 Nd2 44. h5 Kf6 45. h6 Kg6 46. Bxe6 Kxh6 47. Ke3 Nxb3 48. Bxb3 b5 49. Kd4 bxa4 50. Bxa4 1/2-1/2

[Event "Festival Groningen-A 2024"]
[Site "Groningen"]
[Date "2024.12.27"]
[Round "6.24"]
[White "Zecha, Oscar"]
[Black "Ratsma, Midas"]
[Result "1-0"]
[ECO "C00"]
[WhiteElo "2134"]
[BlackElo "2326"]
[Annotator "RC"]
[PlyCount "67"]
[EventDate "2024.12.21"]
[EventType "swiss"]
[EventCountry "NED"]
[SourceTitle "playchess.com"]
[Source "ChessBase"]
[SourceQuality "1"]
[TimeControl "40/5400+30:1800+30"]

1. e4 e5 2. Nf3 Nc6 3. Bb5 Nf6 4. d3 Bc5 5. c3 O-O 6. O-O d5 7. Nbd2 dxe4 8. dxe4 Qe7 9. Qc2 Rd8 10. h3 Bd7 11. a4 a6 12. Be2 Nh5 13. Rd1 Bxf2+ 14. Kxf2 Qc5+ 15. Ke1 Nb4 16. Qb1 Nd3+ 17. Qxd3 Nf4 18. Nb3 Nxd3+ 19. Rxd3 Qb6 20. c4 Qb4+ 21. Bd2 Qxc4 22. Nxe5 Qxe4 23. Nxd7 Re8 24. Be3 Rad8 25. Nbc5 Qxg2 26. Kd2 b6 27. Rg1 Qc6 28. Bd4 Qh6+ 29. Kd1 bxc5 30. Bxg7 Qxg7 31. Nf6+ Kf8 32. Rxg7 c4 33. Rg8+ Ke7 34. Rxe8+ 1-0

[Event "Festival Groningen-A 2024"]
[Site "Groningen"]
[Date "2024.12.27"]
[Round "6.25"]
[White "Khoo-Thwe, Louis"]
[Black "Ivanov, Dmytry"]
[Result "1/2-1/2"]
[ECO "B43"]
[WhiteElo "2124"]
[BlackElo "2072"]
[Annotator "RC"]
[PlyCount "77"]
[EventDate "2024.12.21"]
[EventType "swiss"]
[EventCountry "NED"]
[SourceTitle "playchess.com"]
[Source "ChessBase"]
[SourceQuality "1"]
[TimeControl "40/5400+30:1800+30"]

1. e4 c5 2. Nf3 e6 3. d4 cxd4 4. Nxd4 Nf6 5. Bd3 a6 6. O-O Qc7 7. Nc3 h5 8. a4 Ng4 9. g3 Bc5 10. Nb3 Be7 11. f4 d6 12. Qf3 Nc6 13. h3 Nf6 14. Be3 h4 15. g4 Nd7 16. Qf2 b6 17. Rae1 Bb7 18. Nd4 Nc5 19. Nxc6 Bxc6 20. Bd4 Bf6 21. e5 dxe5 22. fxe5 Bg5 23. Bxc5 bxc5 24. Qxc5 Be7 25. Qe3 Qa5 26. Qf4 O-O 27. g5 Qb4 28. Ne4 Rad8 29. Qxh4 Bc5+ 30. Kh2 Rxd3 31. cxd3 Qxb2+ 32. Kh1 Qxe5 33. g6 fxg6 34. Rxf8+ Bxf8 35. Rf1 g5 36. Qf2 Bd6 37. Qf7+ Kh8 38. Qh5+ Kg8 39. Qf7+ 1/2-1/2

[Event "Festival Groningen-A 2024"]
[Site "Groningen"]
[Date "2024.12.27"]
[Round "6.26"]
[White "Kanis, Sierk"]
[Black "Sharma, Dinesh K."]
[Result "1/2-1/2"]
[ECO "D23"]
[WhiteElo "2116"]
[BlackElo "2200"]
[Annotator "RC"]
[PlyCount "57"]
[EventDate "2024.12.21"]
[EventType "swiss"]
[EventCountry "NED"]
[SourceTitle "playchess.com"]
[Source "ChessBase"]
[SourceQuality "1"]
[TimeControl "40/5400+30:1800+30"]

1. d4 d5 2. c4 c6 3. Nf3 Nf6 4. Qc2 dxc4 5. Qxc4 Bf5 6. g3 e6 7. Bg2 Be7 8. O-O Nbd7 9. e3 O-O 10. Qe2 c5 11. Rd1 Qb6 12. Nc3 cxd4 13. Nxd4 Bg4 14. f3 Bh5 15. Kh1 Bb4 16. Bd2 Rfd8 17. a3 Bxc3 18. Bxc3 Rac8 19. Rac1 a6 20. Qe1 Qa7 21. Ba5 Re8 22. g4 Bg6 23. g5 Nd5 24. Rxc8 Rxc8 25. e4 Nf4 26. Nf5 exf5 27. Rxd7 Nxg2 28. Qd2 Qc5 29. Rd8+ 1/2-1/2

[Event "Festival Groningen-A 2024"]
[Site "Groningen"]
[Date "2024.12.27"]
[Round "6.27"]
[White "Hummel, Paul"]
[Black "Mohammed, Dilshad"]
[Result "0-1"]
[ECO "D36"]
[WhiteElo "2160"]
[BlackElo "2078"]
[Annotator "RC"]
[PlyCount "66"]
[EventDate "2024.12.21"]
[EventType "swiss"]
[EventCountry "NED"]
[SourceTitle "playchess.com"]
[Source "ChessBase"]
[SourceQuality "1"]
[TimeControl "40/5400+30:1800+30"]

1. d4 d5 2. c4 e6 3. Nc3 Nf6 4. cxd5 exd5 5. Bg5 Be7 6. e3 h6 7. Bh4 c6 8. Bd3 O-O 9. Nf3 Nbd7 10. Qc2 Re8 11. O-O Ne4 12. Bxe7 Qxe7 13. Rab1 Nf8 14. b4 Ng6 15. b5 Bg4 16. Nd2 Nxd2 17. Qxd2 Nh4 18. Kh1 Nf3 19. Qe2 Nxh2 20. f3 Nxf1 21. Rxf1 Qh4+ 22. Kg1 Bh5 23. a4 Re7 24. e4 Rae8 25. Qe3 Rd8 26. e5 c5 27. f4 b6 28. Bc2 Rc7 29. Bb3 cxd4 30. Qxd4 Rdc8 31. Nxd5 Rc1 32. Qd2 Rxf1+ 33. Kxf1 Rc1+ 0-1

[Event "Festival Groningen-A 2024"]
[Site "Groningen"]
[Date "2024.12.27"]
[Round "6.28"]
[White "Schilstra, Laurens"]
[Black "Boeren, Jurriaan"]
[Result "0-1"]
[ECO "C01"]
[WhiteElo "2150"]
[BlackElo "2147"]
[Annotator "RC"]
[PlyCount "112"]
[EventDate "2024.12.21"]
[EventType "swiss"]
[EventCountry "NED"]
[SourceTitle "playchess.com"]
[Source "ChessBase"]
[SourceQuality "1"]
[TimeControl "40/5400+30:1800+30"]

1. e4 e6 2. d4 d5 3. exd5 exd5 4. c4 Bb4+ 5. Bd2 Bxd2+ 6. Nxd2 Nf6 7. Qa4+ Nc6 8. cxd5 Qe7+ 9. Be2 Nxd5 10. O-O-O O-O 11. Nf1 Qg5+ 12. Rd2 Qxg2 13. Ng3 Qxf2 14. Nf3 Qe3 15. Bd1 Bg4 16. Re1 Qh6 17. Rg1 Rfe8 18. h3 Nb6 19. Qb3 Be6 20. Qb5 Rad8 21. Qh5 Qxh5 22. Nxh5 Kh8 23. Nxg7 Rg8 24. Nxe6 fxe6 25. Ng5 Rdf8 26. Rdg2 Nd8 27. h4 Nd5 28. Rg3 h6 29. Ne4 Rxg3 30. Rxg3 Rf4 31. Nc5 Rxd4 32. Bb3 Rxh4 33. Nd7 Rf4 34. Ne5 Ne7 35. Rd3 Nf7 36. Rd7 Nxe5 37. Rxe7 Nd3+ 38. Kd2 Nc5 39. Bc2 Rd4+ 40. Ke3 Rd7 41. Re8+ Kg7 42. b4 Na6 43. a3 c5 44. Rxe6 cxb4 45. Rg6+ Kf8 46. Bf5 Re7+ 47. Kd4 bxa3 48. Be6 Rc7 49. Ke5 Rg7 50. Rxh6 Ke7 51. Rh3 Nc7 52. Bf5 Nb5 53. Rd3 a2 54. Rd7+ Ke8 55. Rd1 Nc3 56. Rh1 Nb1 0-1

[Event "Festival Groningen-A 2024"]
[Site "Groningen"]
[Date "2024.12.27"]
[Round "6.29"]
[White "Spit, Vincent"]
[Black "Groenewoud, Joel"]
[Result "1-0"]
[ECO "B12"]
[WhiteElo "2113"]
[BlackElo "2058"]
[Annotator "RC"]
[PlyCount "53"]
[EventDate "2024.12.21"]
[EventType "swiss"]
[EventCountry "NED"]
[SourceTitle "playchess.com"]
[Source "ChessBase"]
[SourceQuality "1"]
[TimeControl "40/5400+30:1800+30"]

1. e4 c6 2. d4 d5 3. e5 c5 4. Nf3 cxd4 5. Qxd4 Nc6 6. Qf4 e6 7. Bd3 Nb4 8. Bd2 Nxd3+ 9. cxd3 Ne7 10. Nc3 Nf5 11. Ne2 Be7 12. g4 Nh6 13. Qg3 Bd7 14. Nf4 Bb5 15. Nh5 Rg8 16. Nd4 Ba6 17. g5 Nf5 18. Nxf5 exf5 19. O-O d4 20. Rfe1 Kf8 21. e6 f6 22. gxf6 Bxf6 23. Nxf6 Qxf6 24. Bg5 f4 25. Bxf4 Qg6 26. Bg5 Ke8 27. h4 1-0

[Event "Festival Groningen-A 2024"]
[Site "Groningen"]
[Date "2024.12.27"]
[Round "6.30"]
[White "Duson, Robin"]
[Black "Van Helvoort, Rob"]
[Result "1-0"]
[ECO "E52"]
[WhiteElo "2159"]
[BlackElo "2135"]
[Annotator "RC"]
[PlyCount "127"]
[EventDate "2024.12.21"]
[EventType "swiss"]
[EventCountry "NED"]
[SourceTitle "playchess.com"]
[Source "ChessBase"]
[SourceQuality "1"]
[TimeControl "40/5400+30:1800+30"]

1. d4 Nf6 2. c4 e6 3. Nc3 Bb4 4. e3 O-O 5. Bd2 d5 6. Nf3 b6 7. cxd5 exd5 8. Rc1 Bb7 9. Bd3 Nbd7 10. O-O a6 11. Ne5 Bxc3 12. Bxc3 Ne4 13. Nxd7 Qxd7 14. Be1 Rac8 15. f3 Nd6 16. Bf2 Rfe8 17. Re1 g6 18. b3 f5 19. Bg3 c5 20. Be5 Nf7 21. f4 Nxe5 22. fxe5 Qe7 23. Qf3 b5 24. Qf4 c4 25. Be2 cxb3 26. axb3 Rxc1 27. Rxc1 Rc8 28. Rxc8+ Bxc8 29. Bf3 Be6 30. h4 a5 31. Bd1 Kg7 32. h5 gxh5 33. Qf1 Qg5 34. Qd3 Qg3 35. Kf1 f4 36. Bc2 fxe3 37. Qxh7+ Kf8 38. Qh8+ Ke7 39. Qf6+ Kd7 40. Bd3 e2+ 41. Bxe2 Qxb3 42. Qg7+ Kc6 43. Qe7 Qb1+ 44. Kf2 Qf5+ 45. Kg1 Bd7 46. Bf3 Be6 47. Qc5+ Kd7 48. Qxb5+ Ke7 49. Qxa5 Qg5 50. Qc7+ Kf8 51. Qc3 h4 52. Bd1 Kg7 53. Qf3 Bf5 54. Kh2 Kf8 55. Bb3 Ke7 56. Bxd5 Bg6 57. Qa3+ Ke8 58. Qa8+ Ke7 59. Qa3+ Ke8 60. Bc6+ Kf7 61. Qf3+ Bf5 62. d5 Kg8 63. Be8 Kh7 64. Qh5+ 1-0